Map: King Sejong Station LE

Players

DonaldTrump - Winner!

  • Race: Protoss Protoss
  • League: Gold

Nickos

  • Race: Terran Terran
  • League: Gold

VOD

Have the link to the VOD?

Description

Time

  • Played on: Sept. 23, 2016, 1:01 a.m.
  • Length: 14:15
Show
View Real Time Build Order
Export as new Build Order

DonaldTrump Protoss - Winner!

Build Orders:  

Get SALT Encoding   

  12  0:01  Probe (Chrono Boost)  
  13  0:11  Probe (Chrono Boost)  
  14  0:20  Pylon  
  14  0:22  Probe (Chrono Boost)  
  15  0:38  Probe (Chrono Boost)  
  15  0:41  Gateway  
  16  0:46  Assimilator  
  16  0:48  Probe (Chrono Boost)  
  17  0:59  Probe (Chrono Boost)  
  17  1:03  Pylon  
  18  1:10  Probe (Chrono Boost)  
  19  1:20  Probe (Chrono Boost)  
  20  1:31  Cybernetics Core, Probe (Chrono Boost)  
  21  1:37  Assimilator  
  21  1:41  Probe (Chrono Boost)  
  22  1:52  Probe (Chrono Boost)  
  23  2:02  Probe (Chrono Boost)  
  23  2:05  Nexus  
  24  2:10  Stalker  
  24  2:14  Warp Gate  
  26  2:25  Pylon  
  26  2:36  Mothership Core (Chrono Boost)  
  28  2:45  Stalker  
  30  2:58  Pylon  
  30  3:12  Twilight Council  
  31  3:14  Probe (Chrono Boost)  
  31  3:17  Gateway  
  31  3:21  Probe (Chrono Boost)  
  31  3:26  Probe (Chrono Boost)  
  33  3:32  Probe (Chrono Boost)  
  34  3:38  Probe (Chrono Boost)  
  35  3:42  Probe (Chrono Boost)  
  36  3:49  Robotics Facility  
  36  3:52  Assimilator  
  36  3:53  Probe (Chrono Boost)  
  37  4:01  Dark Shrine  
  37  4:03  Probe (Chrono Boost)  
  38  4:14  Probe (Chrono Boost)  
  39  4:20  Assimilator  
  39  4:24  Probe (Chrono Boost)  
  40  4:35  Probe (Chrono Boost)  
  41  4:39  Nexus  
  41  4:43  Pylon  
  41  4:46  Probe (Chrono Boost)  
  42  4:56  Probe (Chrono Boost)  
  43  5:02  Forge  
  43  5:05  Gateway  
  43  5:06  Gateway  
  43  5:07  Probe (Chrono Boost)  
  44  5:10  Gateway  
  44  5:16  Observer  
  44  5:17  Probe (Chrono Boost)  
  44  5:20  Dark Templar x2  
  50  5:28  Probe (Chrono Boost)  
  51  5:29  Robotics Bay  
  51  5:38  Probe (Chrono Boost)  
  51  5:42  Probe (Chrono Boost)  
  53  5:47  Pylon  
  53  5:49  Probe (Chrono Boost)  
  54  5:54  Probe (Chrono Boost)  
  54  5:55  Probe (Chrono Boost)  
  56  6:00  Probe (Chrono Boost)  
  57  6:06  Probe (Chrono Boost)  
  59  6:11  Extended Thermal Lance  
  59  6:12  Probe (Chrono Boost)  
  59  6:14  Colossus  
  59  6:16  Probe (Chrono Boost)  
  56  6:19  Stalker x4  
  70  6:33  Photon Cannon  
  70  6:36  Probe (Chrono Boost)  
  70  6:37  Photon Cannon  
  71  6:46  Probe (Chrono Boost)  
  72  6:49  Probe (Chrono Boost)  
  72  6:50  Stalker x4  
  81  6:57  Probe (Chrono Boost)  
  82  7:07  Probe (Chrono Boost)  
  69  7:18  Probe (Chrono Boost)  
  69  7:24  Stalker  
  69  7:25  Stalker x4  
  69  7:28  Probe (Chrono Boost)  
  80  7:34  Pylon  
  80  7:39  Probe (Chrono Boost)  
  80  7:42  Forge  
  81  7:44  Colossus, Assimilator  
  81  7:49  Stalker  
  81  7:50  Probe (Chrono Boost)  
  84  7:56  Robotics Facility  
  90  8:00  Probe (Chrono Boost)  
  90  8:01  Dark Templar  
  90  8:03  Protoss Ground Weapons Level 1  
  93  8:07  Nexus  
  93  8:10  Pylon  
  93  8:28  Pylon  
  93  8:30  Photon Cannon, Probe x2 (Chrono Boost)  
  93  8:31  Colossus  
  95  8:35  Photon Cannon  
  101  8:43  Colossus  
  101  8:45  Pylon  
  101  8:47  Pylon  
  101  8:48  Probe (Chrono Boost)  
  102  8:50  Pylon  
  108  9:11  Pylon  
  108  9:13  Assimilator  
  108  9:16  Gateway  
  108  9:19  Gateway  
  108  9:22  Gateway  
  108  9:26  Colossus  
  108  9:29  Colossus, Stalker x2  
  109  9:37  Gateway  
  121  9:39  Pylon  
  121  9:43  Protoss Ground Armor Level 1  
  97  9:47  Pylon  
  93  9:56  Stalker x2  
  91  10:04  Pylon  
  91  10:14  Photon Cannon  
  91  10:15  Colossus  
  91  10:20  Stalker  
  91  10:21  Stalker x4  
  97  10:26  Dark Templar x2  
  111  10:36  Colossus  
  111  10:38  Gateway  
  117  10:52  Pylon  
  117  10:53  Photon Cannon  
  117  10:54  Photon Cannon  
  117  11:02  Stalker x2  
  117  11:03  Stalker x3  
  123  11:14  Colossus  
  123  11:15  Photon Cannon  
  123  11:19  Protoss Ground Weapons Level 2  
  129  11:28  Assimilator  
  129  11:32  Assimilator  
  129  11:35  Probe (Chrono Boost)  
  130  11:46  Colossus  
  131  11:47  Probe (Chrono Boost)  
  131  11:53  Pylon  
  137  11:59  Probe (Chrono Boost)  
  138  12:01  Dark Templar x2  
  138  12:03  Pylon  
  142  12:11  Probe (Chrono Boost)  
  142  12:15  Stalker x2  
  145  12:16  Stalker x3  
  145  12:17  Stalker  
  156  12:23  Probe (Chrono Boost), Photon Cannon  
  156  12:33  Colossus  
  135  12:51  Stalker x3  
  135  12:52  Stalker x2  
  117  13:19  Colossus  
  117  13:22  Probe (Chrono Boost)  
  118  13:29  Probe (Chrono Boost)  
  118  13:33  Probe (Chrono Boost)  
  127  13:41  Probe (Chrono Boost)  
  127  13:43  Probe (Chrono Boost)  
  126  13:53  Probe (Chrono Boost)  
  126  13:54  Probe (Chrono Boost)  
  128  13:59  Pylon  
  128  14:04  Probe (Chrono Boost)  
Show
View Real Time Build Order
Export as new Build Order

Nickos Terran 

Build Orders:  

Get SALT Encoding   

  12  0:01  SCV  
  13  0:13  SCV  
  14  0:18  Supply Depot  
  14  0:25  SCV  
  15  0:40  SCV  
  15  0:41  Barracks  
  16  0:52  SCV  
  17  1:04  SCV  
  18  1:27  Orbital Command  
  18  1:30  Marine  
  19  1:40  Command Center  
  19  1:41  Supply Depot  
  19  1:48  Marine  
  20  1:56  SCV  
  21  2:05  Barracks  
  21  2:08  Marine, SCV  
  23  2:17  Barracks  
  23  2:20  SCV  
  24  2:26  Marine  
  25  2:32  SCV  
  25  2:36  Refinery  
  26  2:37  Refinery  
  26  2:44  Marine  
  26  2:47  SCV  
  27  2:59  SCV  
  27  3:00  Orbital Command  
  27  3:02  Marine x2  
  30  3:11  SCV  
  31  3:12  Barracks Tech Lab  
  31  3:20  Barracks Reactor  
  31  3:22  Marine  
  31  3:23  SCV  
  32  3:27  SCV  
  32  3:33  Marauder  
  35  3:35  SCV  
  38  3:48  SCV  
  38  3:50  Bunker  
  38  3:53  Barracks Reactor  
  38  3:54  Orbital Command  
  38  3:55  Marauder  
  39  3:57  Stimpack  
  39  3:59  Marine x2  
  41  4:15  SCV  
  41  4:16  Marauder  
  44  4:17  Marine x2  
  44  4:22  Supply Depot  
  46  4:36  Supply Depot  
  46  4:42  Factory  
  46  4:44  SCV x2, Marauder, Marine x4  
  54  4:53  Barracks  
  54  4:56  Refinery  
  54  4:58  SCV x2  
  56  5:02  Marine  
  56  5:03  Supply Depot  
  57  5:09  Supply Depot  
  57  5:10  SCV x2, Marine x3  
  62  5:25  Marauder, SCV x2  
  66  5:31  Engineering Bay x2  
  66  5:38  SCV x2  
  66  5:39  Marine x3  
  66  5:40  Factory Reactor  
  71  5:45  Starport  
  71  5:46  Barracks Tech Lab  
  71  5:50  SCV x2  
  71  5:51  Marine  
  74  5:58  Marine  
  74  5:59  Marine  
  74  6:01  Terran Infantry Weapons Level 1  
  74  6:02  SCV  
  74  6:03  Terran Infantry Armor Level 1  
  77  6:08  Supply Depot  
  77  6:11  SCV  
  77  6:14  SCV  
  78  6:25  Barracks, Marauder  
  78  6:30  SCV x2, Marauder, Marine x3  
  85  6:45  Supply Depot  
  85  6:48  Medivac, Marauder  
  85  6:51  Supply Depot  
  85  6:52  Marauder  
  85  6:53  SCV x2  
  93  6:56  Marine  
  94  7:06  SCV  
  94  7:08  Supply Depot  
  95  7:10  Marauder  
  95  7:13  Supply Depot  
  80  7:25  Marine x4  
  80  7:26  Marauder  
  80  7:29  Armory, SCV x2  
  82  7:31  Marauder  
  82  7:32  Barracks Reactor  
  84  7:39  Medivac  
  84  7:41  SCV x2  
  84  7:44  Supply Depot  
  88  7:45  Marine  
  88  7:46  Marine  
  88  7:47  Marine  
  88  7:48  Marauder  
  93  7:52  Marine  
  93  7:53  Marauder  
  93  7:56  Medivac  
  98  8:03  Marine  
  99  8:08  Command Center  
  99  8:09  Marauder  
  99  8:10  SCV  
  99  8:11  SCV  
  99  8:12  Marine  
  104  8:22  Marine  
  104  8:23  Marine x4  
  104  8:24  Marauder  
  111  8:27  Supply Depot  
  111  8:29  Medivac  
  111  8:33  Marauder  
  115  8:45  Marauder  
  115  8:46  Marine x2  
  119  8:54  Marauder  
  120  9:07  Marauder  
  120  9:19  Supply Depot  
  120  9:20  Missile Turret  
  119  9:32  Marine x3  
  119  9:33  Marine x2  
  113  9:41  Marine x3  
  98  9:50  Marine x4  
  98  9:51  Marine  
  101  9:53  Medivac x2  
  101  9:59  Command Center  
  103  10:00  Marauder x2  
  103  10:04  Marine  
  104  10:08  Marine  
  104  10:09  Missile Turret  
  104  10:12  Supply Depot  
  104  10:13  Terran Infantry Armor Level 2  
  105  10:20  Marine x2  
  105  10:21  Marauder x2  
  111  10:41  Marine  
  111  10:42  Marauder  
  116  10:43  Marauder  
  116  10:52  Marine  
  116  10:53  Marine x2  
  116  10:56  Liberator  
  119  11:00  Missile Turret  
  119  11:01  Marine x2  
  119  11:04  Marauder x2  
  123  11:09  Marine  
  123  11:10  Marine x2  
  129  11:25  Liberator, Marauder x2, Marine x3  
  135  11:27  Marine  
  137  11:38  Marine  
  137  11:39  Marine  
  139  11:42  Marine  
  139  11:43  Marine x2  
  139  11:45  Marine  
  139  11:46  Marauder, Marine  
  149  11:58  Planetary Fortress  
  149  12:04  Marauder  
  149  12:05  Marine  
  149  12:07  Marine  
  149  12:08  Marauder  
  155  12:20  Marine x4  
  119  13:08  Marine x4  
  119  13:09  Marine x3  
  102  13:18  Medivac x2  
  102  13:19  Marauder  
  106  13:26  Marine x4  
  104  13:27  Barracks x2, Marauder  
  104  13:29  Barracks  
  104  13:32  Marine  
  104  13:33  Marine  
  106  13:41  Marauder  
  108  13:43  Marine  
  108  13:44  Marine  
  108  13:48  Marine x2  
  108  13:49  Marauder  
  108  13:50  Marine  
  108  13:51  Marine  
Tags
 
Add a new tag
Caveats
  • Supply blocks, unpowered buildings, or Contaminate may cause inaccurate times.
  • Supply counts are checked every 10 seconds.